 Dungeon Crawl Stone Soup version 0.21.1-1-g345015fe64 (webtiles) character file.

1075 LevaFresel the Slasher (level 8, -3/61 HPs)
             Began as a Human Fighter on June 8, 2018.
             Was a Follower of Nemelex Xobeh.
             Slain by Duvessa
             ... wielding a +0 short sword
              (6 damage)
             ... on level 7 of the Dungeon.
             The game lasted 00:32:48 (7582 turns).

LevaFresel the Slasher (Human Fighter)              Turns: 7582, Time: 00:32:48

Health: -3/61      AC:  7    Str: 17 (18) XL:     8   Next: 54%
Magic:  9/9        EV:  9    Int:  8      God:    Nemelex Xobeh [*.....]
Gold:   252        SH:  9    Dex: 14      Spells: 7/7 levels left

rFire    . . .     SeeInvis .   a - +0 long sword
rCold    + . .     Gourm    .   c - +0 shield
rNeg     . . .     Faith    .   b - +0 scale mail
rPois    .         Spirit   .   (no helmet)
rElec    .         Reflect  .   (no cloak)
rCorr    .         Harm     .   (no gloves)
MR       .....                  (no boots)
Stlth    ..........             (no amulet)
HPRegen  0.20/turn              i - ring of protection from cold
MPRegen  0.11/turn              (no ring)

@: very slightly contaminated, drained
A: no striking features
a: Renounce Religion


You were on level 7 of the Dungeon.
You worshipped Nemelex Xobeh.
Nemelex Xobeh was aware of your devotion.
You were not hungry.

You visited 2 branches of the dungeon, and saw 8 of its levels.

You collected 252 gold pieces.

Inventory:

Hand Weapons
 a - a +0 long sword (weapon)
 g - a +0 dagger of flaming
 n - a +2 short sword of speed
Missiles
 l - a javelin (quivered)
Armour
 b - a +0 scale mail (worn)
 c - a +0 shield (worn)
 d - a cursed -1 helmet
Jewellery
 i - a ring of protection from cold (left hand)
Wands
 D - a wand of flame (20)
Scrolls
 e - 2 scrolls of teleportation {unknown}
 k - 5 scrolls of remove curse
 m - a scroll of enchant weapon {unknown}
 r - a scroll of enchant armour {unknown}
 s - 3 scrolls of identify
 t - a scroll of amnesia {unknown}
 u - 2 scrolls of random uselessness {unknown}
 v - a scroll of noise {unknown}
 z - a scroll of blinking
Potions
 h - a potion of resistance
 j - a potion of lignification
 p - a potion of brilliance
Books
 o - a book of Changes

   Spells                             Type                      Level
   a - Beastly Appendage              Transmutation                1
   b - Sticks to Snakes               Transmutation                2
   c - Spider Form                    Transmutation/Poison         3
   d - Ice Form                       Ice/Transmutation            4
   e - Blade Hands                    Transmutation                5
 y - a book of Minor Magic

   Spells                             Type                      Level
   a - Magic Dart                     Conjuration                  1
   b - Blink                          Translocation                2
   c - Call Imp                       Summoning                    2
   d - Slow                           Hexes                        2
   e - Conjure Flame                  Conjuration/Fire             3
   f - Mephitic Cloud                 Conjuration/Poison/Air       3
Miscellaneous
 w - a plain deck of escape {drawn: 3}
 B - a plain deck of escape
 C - a plain deck of summoning {drawn: 4}
Comestibles
 f - 5 rations


   Skills:
 + Level 4.6(4.2) Fighting
 * Level 5.6(5.1) Long Blades
 + Level 4.6(4.2) Armour
 + Level 3.5(3.1) Dodging
 + Level 4.6(4.2) Shields
 + Level 2.5(2.0) Invocations


You had 7 spell levels left.
You didn't know any spells.

Dungeon Overview and Level Annotations

Branches:
Dungeon (7/15)             Temple (1/1) D:4

Altars:
Ashenzari
Dithmenos
Fedhas
Gozag
Hepliaklqana
Kikubaaqudgha
Makhleb
Nemelex Xobeh
Okawaru
Ru
Sif Muna
Uskayaw
Wu Jian
Xom
Yredelemnul
Zin
The Shining One

Shops:
D:4 (

Annotations:
D:7 Duvessa


Message History

Duvessa is heavily wounded.
Aiming: Throw Flame
Press: ? - help, Shift-Dir - straight line, f - Duvessa
Aim: Duvessa, wielding a short sword, wearing a leather armour and carrying a wand of flame (16) (heavily wounded, berserk, fast, unusually strong)
The puff of flame hits Duvessa.
Duvessa is heavily wounded.
Duvessa hits you with a short sword!
* * * LOW HITPOINT WARNING * * *
Duvessa hits you but does no damage.
Blink to where?
Press: ? - help, Dir - move target cursor, p - Duvessa You are very lightly contaminated with residual magic.
As you read the scroll of blinking, it crumbles to dust.
You draw a card...
It is the Illusion.
Suddenly you stand beside yourself.
You are no longer glowing.
Duvessa hits you with a short sword.
* * * LOW HITPOINT WARNING * * *
Duvessa hits you with a short sword.
You die...
Your body disappears without a glow.

#.................#.##.#######
#......÷..........#.##.
#.................# #.
#######.#####..... #.# ....
..# #.#####... #..####.
#........ #..#....
#####..########## ......
#...........@e..# ###....
#.###..########@# #.#..# #.#
#..# #.####.#..# ### #.# #..#
#§.......##...e #.#
#..########)####.#....#
#.###........##.####.#.##.#
#.......####.##......#.# #
#.###.### #.##.####...#
#.###.# #.#### #.#.#


You could see Duvessa (berserk) and the friendly LevaFresel's illusion.

Vanquished Creatures
  Menkaure (D:6)
  A centaur (D:6)
  2 big kobolds (D:5)
  A bullfrog (D:6)
  Dowan (D:7)
  A scorpion (D:5)
  A bullfrog zombie (D:7)
  2 bullfrog skeletons
  A hound (D:5)
  A jelly (D:7)
  An orc wizard (D:7)
  Terence (D:2)
  Natasha (D:2)
  2 iguanas
  A worker ant (D:6)
  A hound skeleton (D:5)
  7 gnolls (D:5)
  A howler monkey skeleton (D:6)
  7 adders
  An ooze (D:2)
  6 worms
  4 dart slugs (D:1)
  2 leopard geckos
  8 orcs
  10 bats
  2 giant cockroaches
  8 goblins
  11 hobgoblins
  2 quokkas
  5 ball pythons
  4 frilled lizards
  17 kobolds
  A leopard gecko zombie (D:6)
  7 rats
122 creatures vanquished.

Vanquished Creatures (collateral kills)
  A hound (D:6)
  A hound zombie (D:6)
  2 adders (D:6)
  An adder skeleton (D:6)
  A quokka (D:6)
6 creatures vanquished.

Grand Total: 128 creatures vanquished

Notes
Turn   | Place    | Note
-------+----------+-------------------------------------------
     0 | D:1      | LevaFresel the Human Fighter began the quest for the Orb.
     0 | D:1      | Reached XP level 1. HP: 18/18 MP: 1/1
     2 | D:1      | Noticed an elf
     2 | D:1      | Noticed an ogre
     4 | D:1      | Noticed a spriggan
     4 | D:1      | Noticed a halfling
     6 | D:1      | Noticed a centaur
     6 | D:1      | Noticed a troll
     8 | D:1      | Noticed a minotaur
    10 | D:1      | Noticed a naga
    12 | D:1      | Noticed an octopode
    12 | D:1      | Noticed a demigod
    14 | D:1      | Noticed a ghoul
    16 | D:1      | Noticed a draconian
    18 | D:1      | Noticed a formicid
    18 | D:1      | Noticed a felid
    20 | D:1      | Noticed a dwarf
    20 | D:1      | Noticed a vampire
    22 | D:1      | Noticed a merfolk
    22 | D:1      | Noticed a tengu
    24 | D:1      | Noticed a gargoyle
    24 | D:1      | Noticed a human
    26 | D:1      | Noticed a vine stalker
    26 | D:1      | Noticed a demonspawn
    56 | D:1      | Reached XP level 2. HP: 23/24 MP: 2/2
   242 | D:1      | Reached XP level 3. HP: 23/29 MP: 3/3
   476 | D:1      | Reached skill level 1 in Dodging
   857 | D:2      | Reached XP level 4. HP: 24/35 MP: 4/4
  1243 | D:4      | Reached skill level 3 in Long Blades
  1867 | D:3      | Reached XP level 5. HP: 35/41 MP: 5/5
  1991 | D:2      | Noticed Terence
  1997 | D:2      | Killed Terence
  2546 | D:2      | Reached XP level 6. HP: 47/47 MP: 6/6
  2646 | D:2      | Noticed Natasha
  2666 | D:2      | Killed Natasha
  3046 | D:2      | Found a glowing golden altar of the Shining One.
  3414 | D:5      | Entered Level 5 of the Dungeon
  3466 | D:4      | Found Zyofok's Antique Weapon Shoppe.
  3513 | D:4      | Noticed a phantom
  3546 | D:4      | Noticed an ogre
  3774 | D:4      | Found a staircase to the Ecumenical Temple.
  3780 | Temple   | Entered the Ecumenical Temple
  3867 | Temple   | Became a worshipper of Nemelex Xobeh the Trickster
  3978 | D:4      | Received a gift from Nemelex Xobeh
  4095 | D:4      | Reached skill level 4 in Long Blades
  4655 | D:5      | Received a gift from Nemelex Xobeh
  4683 | D:5      | Reached XP level 7. HP: 44/54 MP: 7/7
  4913 | D:5      | Reached * piety under Nemelex Xobeh
  5120 | D:5      | Reached skill level 1 in Invocations
  5399 | D:5      | Received a gift from Nemelex Xobeh
  5510 | D:6      | Noticed a chaos spawn
  6336 | D:6      | Reached skill level 5 in Long Blades
  6336 | D:6      | Reached XP level 8. HP: 37/61 MP: 9/9
  6337 | D:6      | Found an iron altar of Okawaru.
  6605 | D:6      | Noticed Menkaure
  6615 | D:6      | HP: 3/61 [killer bee[the player character] (3)]
  6616 | D:6      | Killed Menkaure
  7531 | D:7      | Noticed Dowan
  7533 | D:7      | Noticed Duvessa
  7576 | D:7      | Killed Dowan
  7581 | D:7      | HP: 3/61 [Duvessa/short sword (5)]
  7582 | D:7      | Slain by Duvessa

Skill      XL: |  1  2  3  4  5  6  7  8 |
---------------+-------------------------+-----
Dodging        | 1 2 3 |  3.5
Long Blades    | 3 4 5 |  5.6
Fighting       | 4 |  4.6
Armour         | 4 |  4.6
Shields        | 4 |  4.6
Invocations    | 1 2 |  2.5

Action                   |  1- 3 |  4- 6 |  7- 9 || total
-------------------------+-------+-------+-------++-------
Melee: Long sword        |   100 |   289 |   221 ||   610
Throw: Javelin           |       |     1 |     2 ||     3
Evoke: Deck              |       |     2 |     5 ||     7
       Wand              |       |       |     3 ||     3
  Use: Scroll            |       |     3 |     4 ||     7
       Potion            |       |     1 |     7 ||     8
  Eat: Chunk             |       |     6 |     1 ||     7
       Ration            |       |     2 |     3 ||     5
Armor: Scale mail        |    64 |   118 |    64 ||   246
       Skin              |       |       |    36 ||    36
Dodge: Dodged            |    31 |   125 |    80 ||   236
Block: Shield            |    57 |   155 |   128 ||   340
       Rpst.: Long sword |    11 |    41 |    30 ||    82
